Map: Blackpink LE

Players

Namshar

  • Race: Zerg Zerg
  • Spawn Location: 7:00

Dayshi - Winner!

  • Race: Terran Terran
  • Spawn Location: 1:00

Event: IEM Season 12 - Katowice

VOD

Have the link to the VOD?

Description

Time

  • Played on: Feb. 27, 2018, 6:18 a.m.
  • Length: 22:28

All games in this series

Show
View Real Time Build Order
Export as new Build Order

Namshar Zerg 

Build Orders: Hatch First 

Get SALT Encoding   

  12  0:00  Drone  
  13  0:12  Overlord  
  13  0:16  Drone  
  14  0:30  Drone x2  
  14  0:34  Drone  
  17  0:50  Hatchery  
  17  0:53  Drone  
  17  0:57  Drone  
  18  1:07  Extractor  
  17  1:12  Spawning Pool  
  17  1:14  Drone  
  17  1:17  Drone  
  18  1:27  Drone  
  19  1:38  Drone  
  20  1:48  Overlord  
  20  1:58  Queen  
  22  2:02  Queen, Zergling x4  
  26  2:09  Metabolic Boost  
  26  2:10  Drone  
  26  2:13  Drone  
  28  2:21  Drone  
  29  2:24  Drone  
  30  2:32  Overlord  
  30  2:34  Queen  
  32  2:40  Drone  
  32  2:42  Drone  
  33  2:45  Queen  
  35  2:52  Drone  
  35  2:54  Drone  
  37  3:03  Drone  
  38  3:10  Zergling x2  
  39  3:14  Queen  
  41  3:21  Spore Crawler  
  41  3:22  Drone  
  41  3:23  Drone x3  
  41  3:24  Overlord  
  41  3:25  Overlord  
  44  3:33  Roach Warren  
  44  3:41  Hatchery  
  44  3:45  Drone x3  
  44  3:46  Drone x2  
  47  3:49  Drone  
  48  3:56  Drone  
  48  3:57  Drone x2  
  48  4:01  Zergling x4  
  53  4:06  Overlord  
  53  4:12  Extractor  
  53  4:13  Lair, Extractor  
  51  4:18  Overlord  
  51  4:19  Overlord  
  51  4:21  Overlord  
  52  4:29  Drone  
  52  4:30  Drone x6  
  59  4:36  Queen  
  61  4:38  Evolution Chamber  
  61  4:42  Evolution Chamber  
  59  4:47  Baneling Nest  
  59  4:52  Drone x6  
  64  4:53  Zergling x2  
  64  4:55  Zergling x2  
  66  5:01  Queen  
  66  5:05  Zerg Ground Armor Level 1  
  68  5:09  Zergling x6  
  70  5:21  Roach, Zergling x4  
  70  5:22  Roach x3  
  70  5:25  Roach  
  79  5:34  Roach, Zergling x2  
  79  5:35  Roach  
  75  5:51  Roach  
  71  6:00  Drone x6  
  74  6:08  Drone x2  
  74  6:10  Drone x3  
  75  6:18  Drone x2  
  75  6:19  Drone  
  75  6:21  Zerg Melee Weapons Level 1  
  75  6:25  Overlord  
  77  6:29  Drone  
  77  6:30  Extractor x2  
  75  6:33  Hatchery  
  75  6:34  Drone x3  
  77  6:41  Drone x3  
  77  6:46  Queen  
  82  6:57  Extractor  
  82  6:58  Drone x3  
  82  7:01  Drone x3  
  86  7:02  Hatchery  
  86  7:03  Centrifical Hooks  
  86  7:08  Drone  
  86  7:09  Drone  
  86  7:11  Roach x2  
  86  7:13  Roach  
  86  7:14  Roach  
  95  7:30  Drone x2, Overlord x2  
  95  7:31  Overlord x2  
  95  7:32  Extractor  
  96  7:45  Infestation Pit, Drone  
  96  7:47  Hydralisk Den  
  96  7:49  Zerg Ground Armor Level 2  
  95  7:52  Drone x5  
  95  7:58  Roach x7  
  110  8:06  Drone  
  110  8:07  Drone x9, Queen  
  110  8:09  Glial Reconstitution  
  117  8:29  Extractor  
  117  8:30  Drone  
  117  8:31  Drone x8  
  121  8:36  Hive  
  121  8:37  Grooved Spines  
  121  8:43  Queen  
  121  8:45  Extractor  
  121  8:47  Drone  
  121  8:48  Drone x2  
  119  8:50  Roach x5  
  119  8:51  Drone x2  
  119  8:52  Drone x7  
  119  8:54  Drone  
  119  8:55  Drone  
  131  8:57  Zerg Missile Weapons Level 1  
  131  9:13  Drone  
  131  9:14  Spine Crawler  
  129  9:18  Hydralisk x7  
  129  9:20  Overlord x2  
  135  9:32  Drone  
  136  9:48  Hydralisk x10  
  156  9:57  Overlord  
  156  9:58  Overlord x3  
  156  10:01  Hatchery  
  156  10:02  Muscular Augments  
  155  10:07  Zerg Ground Armor Level 3  
  155  10:13  Viper  
  158  10:17  Viper x2  
  164  10:30  Hydralisk x3  
  164  10:31  Hydralisk x3  
  164  10:33  Overlord x2  
  176  10:37  Drone x2  
  176  10:38  Drone x2  
  176  10:40  Drone  
  181  10:44  Drone x2  
  181  10:45  Drone x6  
  189  10:54  Extractor  
  189  10:55  Extractor  
  187  10:57  Hydralisk x5  
  187  11:00  Viper  
  192  11:07  Hydralisk x4  
  200  11:25  Hydralisk x4  
  198  11:33  Spine Crawler  
  198  11:34  Spine Crawler, Hydralisk x3  
  198  11:36  Spine Crawler  
  191  11:45  Hydralisk x3  
  188  12:07  Hatchery  
  185  12:22  Hydralisk x8  
  179  12:33  Hydralisk  
  179  12:34  Hydralisk x13  
  175  12:37  Zerg Missile Weapons Level 2  
  175  12:40  Hydralisk  
  155  12:45  Viper x2  
  137  13:07  Hydralisk x5  
  137  13:08  Hydralisk x6  
  127  13:27  Hydralisk x2  
  127  13:28  Hydralisk x7  
  141  13:37  Queen  
  143  13:44  Drone x3  
  146  13:49  Viper x2  
  152  13:59  Hydralisk x6  
  152  14:00  Hatchery  
  162  14:03  Spore Crawler  
  158  14:15  Hydralisk  
  158  14:16  Hydralisk x6  
  163  14:32  Drone x3  
  166  14:40  Drone, Zerg Melee Weapons Level 2  
  166  14:41  Hydralisk x4, Spire  
  166  14:44  Roach x3  
  180  14:50  Extractor x2  
  178  14:53  Hydralisk  
  178  14:54  Roach x5  
  190  15:00  Spine Crawler  
  185  15:11  Spine Crawler  
  185  15:12  Drone x3  
  185  15:13  Spine Crawler  
  186  15:27  Zerg Missile Weapons Level 3  
  186  15:41  Viper x2  
  179  16:08  Hydralisk x3  
  179  16:09  Roach x3  
  179  16:10  Roach x2  
  192  16:12  Greater Spire  
  192  16:18  Hydralisk x4  
  183  16:19  Roach  
  183  16:20  Roach x7  
  195  16:40  Hydralisk  
  195  16:41  Hydralisk  
  197  16:51  Viper x2  
  197  16:52  Viper  
  200  17:00  Hydralisk x3  
  179  17:22  Hydralisk x8  
  144  17:23  Roach x2  
  144  17:24  Roach x9  
  144  17:29  Hydralisk  
  161  17:32  Hydralisk  
  161  17:33  Roach, Hydralisk  
  161  17:36  Drone  
  161  17:37  Drone  
  169  17:45  Ravager x3, Hydralisk x2  
  168  18:00  Viper  
  168  18:01  Viper  
  169  18:06  Hydralisk  
  169  18:07  Hydralisk x3  
  169  18:08  Roach  
  179  18:17  Drone x2  
  179  18:21  Hydralisk x2  
  179  18:22  Roach x3  
  175  18:38  Hydralisk x3  
  175  18:39  Roach x3  
  179  18:54  Hydralisk  
  179  18:55  Roach x3  
  151  19:07  Hydralisk x2  
  151  19:08  Hydralisk  
  127  19:26  Viper x2  
  129  19:52  Hydralisk  
  129  19:53  Hydralisk x3  
  129  19:54  Roach x3  
  143  20:00  Hydralisk x4  
  143  20:02  Roach  
  145  20:16  Drone, Extractor  
  145  20:17  Drone x8  
  138  20:43  Hatchery  
  138  20:45  Drone x2  
  139  20:54  Hydralisk x2  
  139  20:55  Roach x3  
  143  21:02  Hydralisk x2  
  141  21:08  Hydralisk  
  140  21:15  Hydralisk x2  
  140  21:16  Roach  
  118  21:30  Drone x2  
  120  21:38  Hydralisk x3  
  120  21:39  Roach x3  
  134  21:47  Hydralisk x2  
  134  21:48  Roach  
Show
View Real Time Build Order
Export as new Build Order

Dayshi Terran - Winner!

Build Orders: Gas First Reaper Expand, Reaper Expand, Mech 

Get SALT Encoding   

  12  0:00  SCV  
  13  0:12  SCV  
  14  0:17  Supply Depot  
  14  0:24  SCV  
  15  0:29  Refinery  
  15  0:39  SCV  
  16  0:44  Barracks  
  16  0:51  SCV  
  17  1:03  SCV  
  18  1:15  SCV  
  19  1:31  Reaper, Orbital Command  
  20  1:42  Command Center  
  20  1:56  SCV, Factory  
  21  2:06  Barracks Reactor  
  21  2:09  SCV  
  21  2:12  Supply Depot  
  22  2:18  Engineering Bay  
  22  2:21  SCV  
  23  2:27  Refinery  
  23  2:33  SCV  
  24  2:45  SCV  
  24  2:48  Starport  
  25  2:53  Hellion  
  25  2:55  Hellion  
  29  2:58  Orbital Command  
  29  3:02  SCV  
  29  3:05  Barracks Tech Lab  
  30  3:17  Hellion x2  
  34  3:20  SCV  
  34  3:26  Viking  
  37  3:29  SCV  
  37  3:33  Marauder  
  39  3:38  SCV  
  40  3:46  SCV  
  41  3:49  Supply Depot  
  41  3:50  SCV  
  42  3:56  Supply Depot, Medivac  
  42  3:59  SCV  
  42  4:02  SCV  
  46  4:08  Liberator  
  46  4:11  Hellion x2, Marauder  
  46  4:13  SCV  
  46  4:14  SCV  
  54  4:20  Supply Depot  
  54  4:25  SCV  
  54  4:26  SCV  
  59  4:31  Armory  
  59  4:36  Supply Depot  
  59  4:37  Hellion  
  61  4:41  SCV  
  61  4:42  SCV, Hellion  
  65  4:53  SCV, Barracks Tech Lab  
  65  4:54  SCV  
  65  4:59  Liberator  
  67  5:00  Hellion  
  67  5:04  Command Center  
  67  5:05  SCV  
  67  5:06  SCV  
  69  5:17  SCV  
  69  5:18  SCV  
  69  5:19  Refinery x2  
  74  5:29  SCV  
  74  5:30  SCV  
  77  5:39  Terran Vehicle Weapons Level 1  
  77  5:41  SCV  
  77  5:42  SCV  
  78  5:43  Factory  
  78  5:49  Hellion  
  78  5:50  Hellion  
  78  5:53  SCV  
  78  5:54  SCV  
  77  6:02  Marine  
  77  6:05  SCV  
  77  6:06  SCV  
  77  6:07  Factory  
  71  6:15  Hellion x2  
  71  6:16  Orbital Command  
  71  6:17  SCV  
  72  6:18  SCV  
  70  6:26  Starport Reactor, Siege Tank  
  70  6:29  SCV  
  70  6:31  SCV  
  75  6:33  Marine  
  75  6:35  Bunker  
  75  6:37  Hellion x2  
  75  6:38  Orbital Command  
  80  6:42  SCV, Engineering Bay  
  80  6:43  SCV  
  80  6:45  Armory  
  82  6:50  Siege Tank  
  82  6:51  Marine  
  82  6:54  SCV  
  87  6:55  SCV, Refinery  
  87  6:59  Hellion x2, Refinery  
  92  7:06  SCV  
  92  7:08  Supply Depot  
  93  7:18  SCV, Marine, Thor  
  101  7:23  SCV, Hellion  
  101  7:25  Supply Depot  
  101  7:27  Supply Depot  
  101  7:29  Medivac x2  
  106  7:30  SCV  
  106  7:31  Supply Depot  
  106  7:32  SCV  
  106  7:34  Terran Vehicle And Ship Armor Level 1  
  106  7:35  SCV  
  108  7:42  SCV  
  109  7:46  SCV, Thor  
  109  7:47  SCV  
  109  7:49  Supply Depot  
  109  7:50  Supply Depot  
  117  7:54  Hellion  
  117  7:55  Hellion  
  117  8:00  Terran Vehicle Weapons Level 2  
  117  8:01  Siege Tank  
  120  8:09  Barracks Reactor  
  120  8:10  SCV x2  
  120  8:12  SCV, Factory  
  123  8:13  Factory  
  123  8:16  Hellion x2  
  127  8:22  SCV  
  127  8:23  SCV  
  127  8:25  SCV  
  130  8:29  Siege Tank  
  125  8:34  SCV  
  125  8:37  SCV x2  
  125  8:38  Siege Tank  
  129  8:42  Hellion x2  
  129  9:00  Factory Tech Lab  
  129  9:02  Siege Tank  
  132  9:04  Viking x2, Hellion x2  
  132  9:07  Supply Depot  
  132  9:09  Command Center  
  139  9:10  Siege Tank  
  140  9:30  Hellion x2  
  142  9:31  Hellion x2  
  142  9:32  Siege Tank  
  142  9:34  Viking x2, Siege Tank  
  142  9:36  Terran Vehicle And Ship Armor Level 2  
  152  9:42  Siege Tank  
  155  9:45  Supply Depot  
  155  9:47  Sensor Tower  
  155  9:48  SCV x2, Command Center  
  155  9:49  SCV  
  158  9:54  Refinery  
  158  9:55  Refinery  
  158  9:58  Hellbat x2  
  158  9:59  Hellbat  
  164  10:07  Viking, Siege Tank, Hellbat  
  164  10:08  Viking  
  173  10:20  Siege Tank  
  172  10:21  Siege Tank  
  172  10:23  Hellbat x2  
  172  10:24  Hellbat  
  179  10:29  Hellion  
  181  10:39  Siege Tank  
  181  10:41  Terran Vehicle Weapons Level 3  
  184  10:49  Hellion x2  
  188  10:51  Orbital Command  
  188  11:00  Hellion x2, Siege Tank  
  195  11:06  Siege Tank  
  195  11:10  Hellion  
  198  11:23  Siege Tank  
  198  11:24  Hellion  
  199  11:28  Hellion x6  
  199  11:29  Viking, Hellion  
  199  11:32  Siege Tank  
  198  11:43  Viking  
  198  11:46  Planetary Fortress  
  200  11:50  Command Center  
  190  12:05  Siege Tank x2, Hellbat  
  197  12:15  Viking  
  172  12:33  Siege Tank  
  172  12:34  Hellion x3  
  172  12:35  Viking, Hellion  
  167  12:37  Siege Tank  
  167  12:39  Hellion  
  161  12:45  Viking  
  163  12:56  Hellion x2  
  159  12:59  Hellion x2  
  159  13:00  Siege Tank, Starport  
  159  13:03  Orbital Command, Starport  
  159  13:05  Factory  
  153  13:06  Factory, Command Center  
  153  13:11  Hellion x9  
  147  13:17  Siege Tank, Hellbat x3, Command Center  
  144  13:20  Viking x2  
  130  13:29  Hellion x2  
  130  13:32  Siege Tank  
  131  13:38  Siege Tank  
  131  13:39  Terran Vehicle And Ship Armor Level 3, Hellbat x2  
  138  13:47  Starport Reactor, Starport Tech Lab  
  138  13:50  Hellion  
  138  13:53  Viking x2  
  140  14:10  Siege Tank x2  
  140  14:16  Factory Reactor, Factory Tech Lab  
  140  14:17  Infernal Pre-Igniter  
  140  14:18  Hellion x8, Liberator  
  140  14:19  Liberator x3  
  140  14:20  Siege Tank  
  140  14:21  Hellbat x3  
  140  14:22  Hellbat  
  145  14:27  Orbital Command  
  145  14:29  Planetary Fortress  
  143  14:31  Missile Turret  
  143  14:35  Fusion Core  
  155  14:42  Siege Tank x2  
  155  14:43  Siege Tank  
  166  14:46  Hellbat x2  
  166  14:47  Hellbat  
  166  14:49  Hellbat  
  166  14:50  Sensor Tower  
  166  14:52  Siege Tank  
  175  14:58  Hellbat x2  
  173  15:14  Siege Tank  
  173  15:15  Siege Tank x2  
  173  15:17  Refinery  
  173  15:18  Refinery  
  182  15:25  Siege Tank, Hellbat x3  
  182  15:26  Hellbat  
  189  15:46  Siege Tank, Hellbat  
  189  15:47  Siege Tank  
  200  15:53  Hellbat  
  199  15:57  Siege Tank  
  199  16:00  Hellbat  
  198  16:07  Factory  
  196  16:18  Siege Tank  
  196  16:24  Siege Tank  
  199  16:28  Liberator x2  
  199  16:36  Siege Tank  
  199  16:47  Advanced Ballistics  
  196  17:02  Siege Tank  
  196  17:06  Barracks  
  196  17:08  Barracks  
  196  17:11  Liberator  
  178  17:18  Siege Tank  
  178  17:19  Siege Tank, Hellbat  
  178  17:21  Hellbat x3  
  178  17:22  Factory Reactor  
  161  17:23  Viking x2  
  161  17:24  Liberator, Battlecruiser  
  158  17:34  Siege Tank  
  161  17:37  Missile Turret  
  161  17:40  Hellbat  
  161  17:41  Terran Ship Weapons Level 1  
  161  17:43  Hellbat  
  168  17:45  Liberator  
  168  17:50  Siege Tank  
  168  17:51  Siege Tank, Command Center  
  174  18:01  Hellion  
  159  18:06  Siege Tank  
  162  18:21  Hellion  
  162  18:23  Siege Tank x2  
  162  18:26  Hellion x2  
  162  18:27  Hellion x3  
  155  18:38  Siege Tank  
  155  18:41  Liberator  
  148  18:42  Hellion  
  148  18:48  Hellion  
  151  18:55  Hellion, Siege Tank x2  
  157  19:00  Hellion x3, Orbital Command  
  161  19:04  Hellion  
  161  19:08  Liberator, Planetary Fortress  
  161  19:09  Liberator  
  146  19:10  Siege Tank  
  146  19:11  Refinery  
  143  19:17  Refinery  
  143  19:27  Siege Tank x2  
  143  19:30  Hellion x6, Liberator x2  
  143  19:31  Hellion x8  
  155  19:32  Hellbat x2  
  155  19:33  Hellbat x4  
  161  19:39  Refinery  
  164  20:07  Siege Tank x3  
  164  20:08  Viking, Hellbat x5  
  182  20:20  Viking x2  
  178  20:27  Hellbat  
  180  20:29  Hellbat x2  
  180  20:30  Viking x2, Hellbat x2  
  186  20:39  Siege Tank  
  186  20:40  Siege Tank  
  186  20:41  Hellbat  
  180  20:49  Hellbat  
  182  20:51  Hellbat x2  
  182  20:53  Hellbat x2  
  182  20:54  Barracks Tech Lab  
  182  20:55  Barracks Tech Lab  
  187  21:02  Siege Tank, Hellbat  
  177  21:10  Hellbat  
  179  21:12  Siege Tank, Hellbat x2  
  179  21:14  Liberator  
  170  21:28  Siege Tank, Hellbat  
  170  21:29  Hellbat x2  
  182  21:34  Siege Tank  
  185  21:47  Siege Tank  
  185  21:48  Hellbat x3  

Tags
 
Add a new tag
Caveats
  • Supply blocks, unpowered buildings, or Contaminate may cause inaccurate times.
  • Supply counts are checked every 10 seconds.